 Dungeon Crawl Stone Soup version 0.17-a0-1479-g4041c36 (webtiles) character file.

114 pulse the Chopper (level 5, 0/41 HPs)
             Began as a Formicid Berserker on July 3, 2015.
             Was a Believer of Trog.
             Slain by a gnoll
             ... wielding a +0 flail
              (13 damage)
             ... on level 2 of the Dungeon.
             The game lasted 00:03:57 (3368 turns).

pulse the Chopper (Formicid Berserker)              Turns: 3368, Time: 00:03:57

Health: 0/41       AC:  5    Str: 23    XL:     5   Next: 18%
Magic:  5/5        EV: 11    Int:  6    God:    Trog [**....]
Gold:   148        SH:  0    Dex: 10    Spells: 0 memorised, 4 levels left

rFire  . . .     SeeInvis +     a - +0 hand axe
rCold  . . .     Clarity  .     k - +0 ring mail (curse)
rNeg   . . .     SustAt   .     (no shield)
rPois  .         Gourm    .     (helmet unavailable)
rElec  .         Spirit   .     (no cloak)
rCorr  .         Warding  .     (no gloves)
rMut   .         Stasis   +     (no boots)
MR     ++...                    (no amulet)
Stlth  ..........               (no ring)
                                (no ring)

@: regenerating, very resistant to hostile enchantments, extremely unstealthy
A: permanent stasis, dig shafts and tunnels, four strong arms, antennae 3
a: Dig, Shaft Self, Burn Spellbooks, Trog's Hand, Renounce Religion


You were on level 2 of the Dungeon.
You worshipped Trog.
Trog was pleased with you.
You were not hungry.

You visited 1 branch of the dungeon, and saw 3 of its levels.

You collected 148 gold pieces.

Inventory:

Hand weapons
 a - a +0 hand axe (weapon)
Armour
 b - a +0 animal skin
 k - a cursed +0 ring mail (worn)
Scrolls
 e - a scroll of blinking {unknown}
 f - 3 scrolls of remove curse {unknown}
 g - a scroll of immolation {unknown}
 h - 5 scrolls of identify {unknown}
 j - 2 scrolls of amnesia {unknown}
Comestibles
 c - 2 bread rations
 i - a slice of pizza


   Skills:
 - Level 3.5 Fighting
 * Level 5.0 Axes
 - Level 2.5 Armour
 - Level 2.0 Dodging


You had 4 spell levels left.
You didn't know any spells.

Dungeon Overview and Level Annotations

Branches:
Dungeon (3/15)

Altars:


Innate Abilities, Weirdness & Mutations

You are under a permanent stasis effect.
You can dig through walls and to a lower floor.
Your four strong arms can wield two-handed weapons with a shield.
You have a pair of large antennae on your head (SInv).


Message History

The gnoll hits you but does no damage. The gnoll misses you.
The gnoll hits you with a flail.
You closely miss the gnoll.
The gnoll is heavily wounded.
You barely miss the gnoll. You hit the hobgoblin but do no damage.
You hit the gnoll but do no damage.
The hobgoblin hits you but does no damage.
The gnoll hits you.
* * * LOW HITPOINT WARNING * * *
The gnoll barely misses you.
All of the chunks of flesh in your inventory have rotted away.
You are too injured to fight recklessly!
You are too injured to fight recklessly!
You are too injured to fight recklessly!
You are too injured to fight recklessly!
Use which ability? (? or * to list)
Your skin crawls.
You feel resistant to hostile enchantments.
You feel slightly more hungry. The gnoll hits you with a flail!
You die...

## .#################
.................# #
.###############.# # .#.....# #.#
# .#.###.# #g###### # .#.#
#.#########@g..<.# # .#.#
#.........#gg....# #
.#.##########.##......###########
.#...>(........'......'..........
.###############......###########
.............)...............#
############################.#
.........................# #.####
########################.###.....


You could see 3 gnolls and a hobgoblin.

Vanquished Creatures
  4 adders (D:2)
  4 gnolls
  A worm (D:2)
  A giant gecko (D:1)
  2 giant cockroaches
  7 hobgoblins
  2 jackals (D:1)
  2 kobolds
  A ball python (D:2)
  3 bats
  4 giant newts
  7 goblins
  6 rats
44 creatures vanquished.

Notes
Turn   | Place    | Note
--------------------------------------------------------------
     0 | D:1      | pulse the Formicid Berserker began the quest for the Orb.
     0 | D:1      | Reached XP level 1. HP: 18/18 MP: 1/1
   360 | D:1      | Reached XP level 2. HP: 24/24 MP: 2/2
   725 | D:1      | Acquired Trog's second power
   725 | D:1      | Reached XP level 3. HP: 27/29 MP: 3/3
  1563 | D:2      | Reached skill level 4 in Axes
  1563 | D:2      | Reached XP level 4. HP: 10/35 MP: 4/4
  3030 | D:2      | Reached XP level 5. HP: 14/41 MP: 5/5
  3134 | D:2      | Reached skill level 5 in Axes
  3368 | D:2      | Slain by a gnoll

Vault maps used:
D:1:      minmay_arrival_radiant_lines, kennysheep_decorative_pillar,
          minmay_crystal_water
D:3:      grunt_gozag_breadcrumbs, first_bread

Action                   |  1- 3 |  4- 6 || total
-------------------------+-------+-------++-------
Melee: Hand axe          |   109 |    76 ||   185
Invok: Trog's Hand       |       |     1 ||     1
  Use: Potion            |     4 |     1 ||     5
  Eat: Chunk             |     2 |     6 ||     8
